 Dungeon Crawl Stone Soup version 0.27-a0-287-gd4424db430 (webtiles) character file.

Game seed: 7212294475229487258

60 namelastname112 the Sneak (level 3, 0/33 HPs)
             Began as a Draconian Delver on Feb 9, 2021.
             Succumbed to Sigmund's poison
             ... on level 2 of the Dungeon.
             The game lasted 00:02:45 (1351 turns).

namelastname112 the Sneak (Draconian Delver)        Turns: 1351, Time: 00:02:46

Health: 0/33       AC:  5    Str: 14    XL:     3   Next: 80%
Magic:  3/3        EV: 12    Int: 10    God:
Gold:   60         SH:  0    Dex: 13    Spells: 2/2 levels left

rFire    . . .     SeeInvis .   (no weapon)
rCold    . . .     Faith    .   (no shield)
rNeg     . . .     Spirit   .   (armour unavailable)
rPois    .         Reflect  .   (helmet restricted)
rElec    .         Harm     .   (no cloak)
rCorr    .         Rampage  .   (no gloves)
Will     .....                  (no boots)
Stlth    +++.......             (no amulet)
HPRegen  0.11/turn              (no ring)
MPRegen  0.08/turn              (no ring)

@: lethally poisoned (0 -> -20), hasted, very quick
A: unfitting armour, cold-blooded, AC +5
a: no special abilities


You were on level 2 of the Dungeon.
You visited 1 branch of the dungeon, and saw 4 of its levels.

You collected 60 gold pieces.

Inventory:

Hand Weapons
 a - a +0 falchion
 g - a +0 vorpal spear
Missiles
 j - 15 poisoned darts (quivered)
Wands
 f - a wand of digging (3)
Scrolls
 b - a scroll of fog
 c - a scroll of magic mapping
 d - a scroll of remove curse {unknown}
 i - a scroll of enchant weapon {unknown}


   Skills:
 + Level 3.9 Fighting
 + Level 2.6 Long Blades
 + Level 0.0 Throwing
 + Level 2.3 Dodging
 + Level 4.9 Stealth


You had 2 spell levels left.
You didn't know any spells.
Your spell library was empty.

Dungeon Overview and Level Annotations

Branches:
Dungeon (5/15)
 Temple: D:4-7

Altars:

Annotations:
D:2 Sigmund


Innate Abilities, Weirdness & Mutations

Your plain brown scales are hard. (AC +5)
You cannot fit into any form of body armour.
You are cold-blooded and may be slowed by cold attacks.


Message History

You feel sick! Something hits you but does no damage!
You are more poisoned!
You take 1 damage, and have 5/33 hp! * * * don't die
* * * You feel sick!
Something hits you but does no damage!
You are more poisoned!
You take 1 damage, and have 4/33 hp! * * * don't die
* * * You feel sick! * * * don't die
* * * You feel sick!
You take 1 damage, and have 3/33 hp!
A bat comes into view! * * * don't die
* * * You feel sick!
Found 2 murky grey potions!
You take 1 damage, and have 2/33 hp! * * * don't die
* * * You feel sick!
Found a coppery potion!
You take 1 damage, and have 1/33 hp! rip

..# ..# #..
..# #.! .##
#.# ##
###.### #
#.....# # #
#.....###.#
#
#..<[!....#
#
#..@..!.b.#
#.....###.#
###.### #.#
#.# #####
#.# ....#
#.# ###.#
#.# #.# #.#


You could see a bat (asleep).

Vanquished Creatures
  A bullfrog skeleton (D:4)
  An adder (D:4)
  A worm (D:4)
  2 dart slugs (D:2)
  A goblin (D:2)
  3 hobgoblins
  A kobold (D:2)
  A bat (D:2)
  2 frilled lizards
  5 rats
18 creatures vanquished.

Notes
Turn   | Place    | Note
-------+----------+-------------------------------------------
     0 | D:5      | namelastname112 the Draconian Delver began the quest for
                  | the Orb.
     0 | D:5      | Reached XP level 1. HP: 19/19 MP: 1/1
    48 | D:5      | Noticed an ice beast
    61 | D:4      | Noticed a scorpion
    61 | D:4      | Noticed a worker ant
    71 | D:4      | HP: 1/28 [bullfrog skeleton (3)]
    74 | D:4      | Reached XP level 2. HP: 3/27 MP: 2/2
    74 | D:4      | Reached XP level 3. HP: 3/33 MP: 3/3
   679 | D:4      | Noticed an ogre
   971 | D:2      | Noticed Sigmund
  1350 | D:2      | HP: 1/33 [poisoned by Sigmund]
  1351 | D:2      | Succumbed to Sigmund's poison

Illustrated notes

Levels and vault maps discovered:
D:2:      layout_loops_ring, nicolae_overflow_crystal_walls, uniq_sigmund,
          uniq_crazy_yiuf_cottage
D:3:      layout_rooms, nzn_wu_jian_contemplation, kennysheep_path_1,
          uniq_natasha
D:4:      layout_loops_ring, lemuel_round_altar, gammafunk_temple_overflow_claw,
          minmay_temple_entry_stoned_glass, serial_rivers,
          chequers_serial_rivers_marsh, chequers_serial_rivers_large_a,
          chequers_serial_rivers_micro_b, chequers_serial_rivers_micro_b
D:5:      layout_basic, mrwooster_statue_mirror

Skill      XL: |  1 |
---------------+----+-----
Dodging        | 2 |  2.3
Fighting       | |  3.9
Long Blades    | |  2.6
Stealth        | |  4.9

Action                   || total
-------------------------++-------
Melee: Falchion          ||    18
       Tailslap          ||     4
       Spear             ||    31
       Unarmed           ||    16
Throw: Dart              ||     3
  Use: Potion            ||     4
       Scroll            ||     1
 Stab: Sleeping          ||     5
       Distracted        ||     1
Armor: Skin              ||    19
Dodge: Dodged            ||    22
       Rpst.: Falchion   ||     3

Table legend: (Time is in decaauts)
 A = Elapsed time spent in this place.
 B = Non-inter-level travel time spent in this place.
 C = Inter-level travel time spent in this place.
 D = Time resting spent in this place.
 E = Time spent auto-exploring this place.
 F = Levels seen in this place.
 G = Mean time per level.
                   A        B        C        D        E       F      G
               +--------+--------+--------+--------+--------+-----+--------+
         Total |   1352 |   1352 |      0 |    839 |    176 |   4 |  338.0 |
       Dungeon |   1352 |   1352 |      0 |    839 |    176 |   4 |  338.0 |
               +--------+--------+--------+--------+--------+-----+--------+

Top non-repeatable levels by time:
     D:4: 685 daAuts
     D:2: 440 daAuts
     D:3: 171 daAuts
     D:5: 55 daAuts
